 Dungeon Crawl Stone Soup version 0.30-a0-808-g6e0788376e (webtiles) character file.

Game seed: 14729137338083794180

651 cforsyth the Sneak (level 7, -2/44 HPs)
             Began as a Kobold Brigand on Feb 27, 2023.
             Slain by a gnoll
             ... wielding a +0 halberd
             ... led by a gnoll bouda
              (13 damage)
             ... on level 5 of the Dungeon.
             The game lasted 00:05:19 (4086 turns).

cforsyth the Sneak (Kobold Brigand)                 Turns: 4086, Time: 00:05:19

Health: -2/44      AC:  5    Str:  9    XL:     7   Next: 84%
Magic:  7/7        EV: 17    Int: 12    God:
Gold:   213        SH:  0    Dex: 18    Spells: 6/6 levels left

rFire   . . .      SeeInvis .    u - +3 dagger of the Hills {holy, Will+}
rCold   . . .      Faith    .    (no shield)
rNeg    . . .      Spirit   .    b - +0 robe
rPois   .          Reflect  .    (no helmet)
rElec   .          Harm     .    c - +0 cloak
rCorr   .          Rampage  .    g - +0 pair of gloves
Will    +....                    j - +0 pair of boots
Stlth   +++++                    (no amulet)
HPRegen 0.27/turn                (no ring)
MPRegen 0.10/turn                (no ring)

@: no status effects
A: small, no large weapons, nightstalker 3
a: no special abilities


You were on level 5 of the Dungeon.
You visited 1 branch of the dungeon, and saw 5 of its levels.

You collected 213 gold pieces.

Inventory:

Hand Weapons
 a - a +2 dagger
 u - the +3 dagger of the Hills (weapon) {holy, Will+}
   (You found it on level 3 of the Dungeon)

   Will:      It increases your willpower.
Missiles
 d - 24 poisoned darts (quivered)
 e - 3 curare-tipped darts
Armour
 b - a +0 robe (worn)
 c - a +0 cloak (worn)
 g - a +0 pair of gloves (worn)
 j - a +0 pair of boots (worn)
Jewellery
 z - a ring of resist corrosion
 A - a ring of flight
Scrolls
 i - a scroll of summoning {unknown}
 k - a scroll of magic mapping {unknown}
 l - 2 scrolls of teleportation {unknown}
 s - a scroll of torment {unknown}
 t - a scroll of fog
 v - a scroll of immolation {unknown}
 w - a scroll of amnesia {unknown}
 x - 2 scrolls of identify
 y - a scroll of noise {unknown}
Potions
 f - 3 potions of mutation
 h - a potion of haste
 m - a potion of magic {unknown}
 n - a potion of ambrosia {unknown}
 o - a potion of flight {unknown}
 p - 2 potions of attraction {unknown}
 q - 3 potions of curing {unknown}
 r - 2 potions of berserk rage {unknown}


   Skills:
 + Level 4.7 Fighting
 + Level 5.9 Short Blades
 - Level 2.1 Throwing
 + Level 4.7 Dodging
 + Level 7.8 Stealth


You had 6 spell levels left.
You didn't know any spells.
Your spell library was empty.

Dungeon Overview and Level Annotations

Branches:
Dungeon (5/15)
 Temple: D:4-7

Altars:
Dithmenos
Elyvilon
Makhleb
Xom

Annotations:
D:4 1 runed translucent door, Crazy Yiuf


Innate Abilities, Weirdness & Mutations

You are small and have problems with some larger weapons.
You are completely attuned to the shadows.


Message History

You feel sick.
You are no longer poisoned.
Found a ring of flight.
Found a stone staircase leading down.
A gnoll comes into view. It is wielding a +0 halberd.
Found a stone staircase leading down.
A gnoll is nearby!
A gnoll comes into view. It is wielding a +0 spear.
Found 6 gold pieces.
The gnoll shouts!
You hear a shout! x2
The gnoll hits you with a +0 halberd!
A gnoll bouda comes into view. It is wielding a +0 whip.
The gnoll shouts!
You closely miss the gnoll. The gnoll completely misses you. x2
The gnoll bouda barks out a call to the hunt!
The gnolls pick up the pace!
You hit the gnoll.
The gnoll is moderately wounded.
You hit the gnoll but do no damage.
The gnoll is moderately wounded.
The gnoll misses you. The gnoll hits you with a +0 halberd.
A gnoll comes into view. It is wielding a +0 flail.
You hit the gnoll.
The gnoll is moderately wounded.
The gnoll misses you. The gnoll barely misses you.
You hit the gnoll.
The gnoll is heavily wounded.
You hit the gnoll but do no damage.
The gnoll is heavily wounded.
The gnoll bouda barely misses you. The gnoll hits you with a +0 spear.
The gnoll barely misses you.
You hit the gnoll but do no damage.
The gnoll is heavily wounded.
The gnoll hits you with a +0 spear. The gnoll hits you with a +0 halberd.
The gnoll bouda hits you with a +0 whip.
* * * LOW HITPOINT WARNING * * *
You are too injured to fight recklessly!
The gnoll closely misses you.
The gnoll hits you from afar with a +0 halberd!
You die...

#(# #. ### ..#
###g#### #..gg$..
#.#g# ##### .###.#@#
....# .>.....# ###(#
####.##### #.#
.........# #.#
.......#.# #.##
#..##.#.#.# #..##
#..##.#.#.# ##...##
###.#.## #..##.#.#.#
#.....## #..###.#
#..##...#.###.g.....##


You could see a gnoll bouda and 3 gnolls.

Vanquished Creatures
  Eustachio (D:5)
  An ogre (D:4)
  A phantom (D:4)
  A scorpion (D:5)
  A howler monkey (D:4)
  An orc priest (D:4)
  2 orc wizards (D:3)
  6 adders
  4 gnolls (D:4)
  A worm (D:3)
  2 dart slugs
  4 orcs
  8 ball pythons
  6 bats
  7 endoplasms
  5 giant cockroaches
  5 goblins
  5 hobgoblins
  9 kobolds
  7 quokkas
  3 frilled lizards
  5 rats
85 creatures vanquished.

Notes
Turn   | Place    | Note
-------+----------+-------------------------------------------
     0 | D:1      | cforsyth the Kobold Brigand began the quest for the Orb.
     0 | D:1      | Reached XP level 1. HP: 12/12 MP: 1/1
   116 | D:1      | Reached XP level 2. HP: 18/18 MP: 2/2
   599 | D:1      | Reached XP level 3. HP: 15/22 MP: 3/3
  1087 | D:2      | Reached XP level 4. HP: 27/27 MP: 4/4
  1259 | D:2      | Reached skill level 6 in Stealth
  1588 | D:3      | Identified the +3 dagger of the Hills {holy, Will+}
  1698 | D:3      | Found an iron altar of Okawaru.
  1698 | D:3      | Found a burning altar of Makhleb.
  1698 | D:3      | Found a shimmering altar of Xom.
  1702 | D:3      | Found a white marble altar of Elyvilon.
  1702 | D:3      | Found a shimmering altar of Xom.
  1702 | D:3      | Found a shadowy altar of Dithmenos.
  1994 | D:4      | Noticed an ogre
  2025 | D:4      | Reached XP level 5. HP: 23/32 MP: 5/5
  2708 | D:4      | Reached XP level 6. HP: 30/37 MP: 6/6
  2863 | D:4      | Killed an ogre
  2864 | D:4      | Reached skill level 5 in Short Blades
  2864 | D:4      | Reached skill level 7 in Stealth
  2902 | D:4      | Reached XP level 7. HP: 37/43 MP: 7/7
  3232 | D:4      | Found a runed translucent door.
  3235 | D:4      | Noticed Crazy Yiuf
  3328 | D:5      | Entered Level 5 of the Dungeon
  3788 | D:5      | Noticed Eustachio
  3792 | D:5      | Killed Eustachio
  4086 | D:5      | Slain by a gnoll

Illustrated notes

Levels and vault maps discovered:
D:1:      amcnicky_arrival_abandoned_market, layout_basic,
          nicolae_concentric_dashed_squares_wild
D:2:      layout_basic, minmay_hedge_maze
D:3:      layout_loops_ring, doesnt_xom_only_xom
D:4:      layout_rooms, uniq_crazy_yiuf_cottage
D:5:      layout_loops_corners, uniq_eustachio, uniq_duvessa

Skill      XL: |  1  2  3  4  5  6 |
---------------+-------------------+-----
Short Blades   | 3 4 5 |  5.9
Dodging        | 2 3 4 |  4.7
Fighting       | 3 4 |  4.7
Stealth        | 6 7 |  7.8
Throwing       | |  2.1

Action                     |  1- 3 |  4- 6 |  7- 9 || total
---------------------------+-------+-------+-------++-------
  Melee: Dagger            |    80 |   113 |    80 ||   273
         Punch             |     1 |       |     2 ||     3
    Use: Scroll            |       |     4 |       ||     4
         Potion            |       |       |     1 ||     1
   Stab: Sleeping          |    16 |    19 |     2 ||    37
         Distracted        |       |     1 |       ||     1
 Armour: Robe              |    13 |    18 |     7 ||    38
  Dodge: Dodged            |    48 |    40 |    58 ||   146

Table legend: (Time is in decaauts)
 A = Elapsed time spent in this place.
 B = Non-inter-level travel time spent in this place.
 C = Inter-level travel time spent in this place.
 D = Time resting spent in this place.
 E = Time spent auto-exploring this place.
 F = Levels seen in this place.
 G = Mean time per level.
                   A        B        C        D        E       F      G
               +--------+--------+--------+--------+--------+-----+--------+
         Total |   4032 |   3895 |    137 |    787 |   2370 |   5 |  806.4 |
       Dungeon |   4032 |   3895 |    137 |    787 |   2370 |   5 |  806.4 |
               +--------+--------+--------+--------+--------+-----+--------+

Top non-repeatable levels by time:
     D:3: 1307 daAuts
     D:4: 996 daAuts
     D:1: 838 daAuts
     D:2: 466 daAuts
     D:5: 424 daAuts
